 Dungeon Crawl Stone Soup version 0.20.1-1-g8b1a95d (webtiles) character file.

9730 nikopol the Thaumaturge (level 11, -6/56 HPs)
             Began as a Deep Elf Fire Elementalist on July 7, 2017.
             Was a Believer of Vehumet.
             Mangled by Snorg (13 damage)
             ... on level 10 of the Dungeon.
             The game lasted 01:04:25 (12307 turns).

nikopol the Thaumaturge (DEFE)                     Turns: 12307, Time: 01:04:26

Health: -6/56      AC:  6    Str:  5    XL:     11   Next: 26%
Magic:  19/30      EV: 15    Int: 27    God:    Vehumet [**....]
Gold:   135        SH:  0    Dex: 15    Spells: 26/37 levels left

rFire    . . .     SeeInvis .   q - +1 dagger (drain)
rCold    . . .     Gourm    .   (no shield)
rNeg     . . .     Faith    .   N - +0 robe (curse)
rPois    .         Spirit   .   L - +2 hat {Int+3}
rElec    .         Reflect  .   (no cloak)
rCorr    .         Harm     .   (no gloves)
MR       ++...                  i - +1 pair of boots
Stlth    +++.......             (no amulet)
Regen    0.2/turn               g - ring of protection from magic
MPRegen  0.3/turn               (no ring)

@: no status effects
A: no striking features
a: Renounce Religion


You were on level 10 of the Dungeon.
You worshipped Vehumet.
Vehumet was pleased with you.
You were not hungry.

You visited 2 branches of the dungeon, and saw 11 of its levels.
You also visited: Sewer.

You collected 447 gold pieces.
You spent 312 gold pieces at shops.

Inventory:

Hand Weapons
 e - a +0 dagger
 q - a +1 dagger of draining (weapon)
 v - a +4 short sword
Missiles
 l - 2 throwing nets (quivered)
Armour
 a - a +0 robe
 i - a +1 pair of boots (worn)
 L - a +2 hat of intelligence (worn)
 N - a cursed +0 robe (worn)
Jewellery
 g - a ring of protection from magic (left hand)
Wands
 u - a wand of acid (7/15)
 w - a wand of random effects (38/48)
 y - a wand of digging (18/24)
 C - a wand of random effects (26/48)
 E - a wand of lightning (9/15)
 F - a wand of flame (23/48)
 K - a wand of paralysis (14/24)
Scrolls
 d - 6 scrolls of teleportation
 f - 2 scrolls of fear
 j - 2 scrolls of recharging
 r - 2 scrolls of amnesia
 x - a scroll of enchant weapon {unknown}
 z - a scroll of brand weapon {unknown}
 D - a scroll of blinking
 G - a scroll of summoning {unknown}
 I - a scroll of immolation {unknown}
Potions
 h - a potion of mutation
 k - a potion of invisibility {unknown}
 n - 5 potions of heal wounds
 o - 4 potions of lignification
 p - 2 potions of haste
 s - 2 potions of agility {unknown}
 t - a potion of magic
 A - 7 potions of curing
 H - a potion of resistance {unknown}
Books
 b - a book of Flames

   Spells                             Type                      Level
   a - Flame Tongue                   Conjuration/Fire             1
   b - Throw Flame                    Conjuration/Fire             2
   c - Conjure Flame                  Conjuration/Fire             3
   d - Inner Flame                    Hexes/Fire                   3
   e - Sticky Flame                   Conjuration/Fire             4
   f - Fireball                       Conjuration/Fire             5
 B - a book of Burglary

   Spells                             Type                      Level
   a - Swiftness                      Charms/Air                   2
   b - Passwall                       Transmutation/Earth          2
   c - Passage of Golubria            Translocation                4
   d - Lee's Rapid Deconstruction     Earth                        5
   e - Darkness                       Hexes                        6
   f - Invisibility                   Hexes                        6
Comestibles
 c - 11 bread rations
 m - 8 meat rations
 J - a royal jelly


   Skills:
 + Level 1.3 Fighting
 + Level 0.4 Short Blades
 + Level 5.3 Dodging
 + Level 4.6 Stealth
 + Level 13.6 Spellcasting
 + Level 9.9 Conjurations
 + Level 10.9 Fire Magic


You had 26 spell levels left.
You knew the following spells:

 Your Spells              Type           Power        Failure   Level  Hunger
a - Flame Tongue          Conj/Fire      #####        1%          1    None
b - Throw Flame           Conj/Fire      ######       1%          2    None
c - Conjure Flame         Conj/Fire      ######..     1%          3    None
d - Fireball              Conj/Fire      ######....   1%          5    ##.....


Dungeon Overview and Level Annotations

Branches:
Dungeon (10/15)            Temple (1/1) D:6            Lair (0/6) D:8
    Orc: D:9-12

Altars:
Ashenzari
Cheibriados
Dithmenos
Elyvilon
Fedhas
Gozag
Hepliaklqana
Kikubaaqudgha
Makhleb
Nemelex Xobeh
Okawaru
Qazlal
Ru
Sif Muna
Trog
Uskayaw
Vehumet
Xom
Yredelemnul
Zin
The Shining One

Shops:
D:3 *   D:8 *   D:9 %

Annotations:
D:10 Snorg


Message History

Snorg bites you! Snorg claws you!
* * * LOW HITPOINT WARNING * * *
Snorg barely misses you.
Casting: Flame Tongue
Confirm with . or Enter, or press ? or * to list all spells.
Aiming: Throw Flame
Press: ? - help, Shift-Dir - straight line, f/p - Snorg
Aim: Snorg (flame, moderately wounded)
The puff of flame hits Snorg.
Snorg is heavily wounded.
Snorg is engulfed in blazing flames.
Snorg goes berserk!
Casting: Throw Flame
Confirm with . or Enter, or press ? or * to list all spells.
Aiming: Throw Flame
Press: ? - help, Shift-Dir - straight line, f/p - Snorg
Aim: Snorg (flame, severely wounded, berserk, fast, unusually strong)
The puff of flame hits Snorg.
Snorg is severely wounded.
Snorg is engulfed in blazing flames.
Snorg bites you!
You die...

..# #.# ...######.# #.#
........#.### #.#
............# #.#
########............# #.#
..... ..............# #.#
....##.. <.........# #.#
#####..#.#########.######.#
...(.........@............#
###....(####T##############
............).......
###.............####
#....(........#
#.............#
#...(.........#
#.............#
#.............#


You could see Snorg (berserk).

Vanquished Creatures
  Gastronok (D:8)
  A two-headed ogre (D:9)
  Joseph (D:7)
  A hornet (D:7)
  A troll (D:9)
  Grinder (Sewer)
  A hippogriff (D:9)
  A wyvern (D:9)
  5 yaks (D:9)
  Sigmund (D:3)
  2 hungry ghosts (D:9)
  A steam dragon (D:8)
  A water moccasin (D:10)
  7 orc warriors
  2 ice beasts (D:6)
  A phantom (D:4)
  2 sky beasts
  A black bear (D:8)
  7 ogres
  A hornet zombie (D:9)
  6 centaurs
  A crocodile (D:9)
  3 big kobolds
  7 bullfrogs
  2 scorpions
  A wyvern skeleton (D:10)
  3 killer bees (D:8)
  A vampire bat (D:6)
  4 howler monkeys
  3 hounds
  A quasit (Sewer)
  8 orc priests
  9 orc wizards
  Ijyb (D:3)
  Terence (D:3)
  3 iguanas
  6 worker ants
  2 killer bee zombies
  2 big kobold zombies (Sewer)
  A hound skeleton (D:7)
  A howler monkey zombie (D:6)
  A worker ant zombie (D:5)
  Robin (D:4)
  8 adders
  4 gnolls (D:5)
  2 howler monkey skeletons
  7 shadow imps
  8 oozes
  2 adder zombies
  An adder skeleton (D:8)
  A worm (D:4)
  3 dart slugs
  8 leopard geckos
  28 orcs
  12 bats
  3 bat skeletons (D:6)
  2 bat zombies
  5 giant cockroaches
  18 goblins
  12 hobgoblins
  7 jackals (D:8)
  6 quokkas
  4 ball pythons
  2 frilled lizards
  33 kobolds
  A kobold zombie (Sewer)
  A quokka zombie (D:5)
  12 rats
297 creatures vanquished.

Vanquished Creatures (others)
  A big kobold zombie (Sewer)
  An ooze (Sewer)
2 creatures vanquished.

Grand Total: 299 creatures vanquished

Notes
Turn   | Place    | Note
-------+----------+-------------------------------------------
     0 | D:1      | nikopol the Deep Elf Fire Elementalist began the quest for the Orb.
     0 | D:1      | Reached XP level 1. HP: 10/10 MP: 6/6
   215 | D:1      | Reached XP level 2. HP: 15/15 MP: 0/8
   219 | D:1      | Learned a level 2 spell: Throw Flame
   736 | D:1      | Found a glowing golden altar of the Shining One.
   851 | D:2      | Reached XP level 3. HP: 17/19 MP: 2/10
  1451 | D:2      | Found a blossoming altar of Fedhas.
  1634 | D:3      | Reached XP level 4. HP: 23/24 MP: 2/11
  1637 | D:3      | Reached skill level 4 in Spellcasting
  1758 | D:3      | Noticed Ijyb
  1763 | D:3      | Killed Ijyb
  1763 | D:3      | Reached XP level 5. HP: 28/28 MP: 7/13
  1764 | D:3      | Found a shattered altar of Ashenzari.
  1772 | D:3      | Learned a level 3 spell: Conjure Flame
  1778 | D:3      | Learned a level 5 spell: Fireball
  1825 | D:3      | Found Gozag's Platinum Reserve.
  1873 | D:3      | Found an opulent altar of Gozag.
  2099 | D:3      | Noticed Sigmund
  2112 | D:3      | Killed Sigmund
  2112 | D:3      | Reached skill level 5 in Spellcasting
  2112 | D:3      | Reached skill level 5 in Fire Magic
  2112 | D:3      | Reached XP level 6. HP: 12/32 MP: 5/16
  2385 | D:3      | Noticed Terence
  2391 | D:3      | Killed Terence
  2783 | D:3      | Reached skill level 6 in Spellcasting
  2919 | D:4      | Noticed Robin
  2938 | D:4      | Killed Robin
  3199 | D:4      | Found a basalt altar of Yredelemnul.
  3250 | D:4      | Reached XP level 7. HP: 36/36 MP: 16/18
  3269 | D:4      | Found a glowing drain.
  3279 | Sewer    | Entered a sewer
  3597 | Sewer    | Found a burning altar of Makhleb.
  3724 | Sewer    | Noticed Grinder
  3746 | Sewer    | Killed Grinder
  3746 | Sewer    | Reached skill level 7 in Spellcasting
  3993 | Sewer    | Reached skill level 5 in Conjurations
  4130 | Sewer    | Reached XP level 8. HP: 39/41 MP: 11/21
  4477 | D:4      | Found a white marble altar of Elyvilon.
  4634 | D:4      | Reached skill level 8 in Spellcasting
  5091 | D:5      | Entered Level 5 of the Dungeon
  5138 | D:5      | Found a bloodstained altar of Trog.
  5392 | D:5      | Reached skill level 9 in Spellcasting
  6853 | D:6      | Reached XP level 9. HP: 46/46 MP: 21/24
  6859 | D:6      | Found a deep blue altar of Sif Muna.
  6902 | D:6      | Reached skill level 10 in Spellcasting
  7225 | D:6      | Found an iron altar of Okawaru.
  7383 | D:6      | Found a staircase to the Ecumenical Temple.
  7390 | Temple   | Entered the Ecumenical Temple
  7498 | Temple   | Became a worshipper of Vehumet
  7637 | D:6      | Found an ancient bone altar of Kikubaaqudgha.
  7916 | D:7      | Noticed Joseph
  8164 | D:7      | HP: 1/46 [Joseph/sling bullet (15)]
  8494 | D:7      | Killed Joseph
  8494 | D:7      | Reached skill level 1 in Fighting
  8494 | D:7      | Reached skill level 11 in Spellcasting
  9086 | D:7      | Reached XP level 10. HP: 45/52 MP: 21/27
  9347 | D:8      | Reached * piety under Vehumet
  9347 | D:8      | Offered knowledge of Sting by Vehumet.
  9472 | D:8      | Found a staircase to the Lair.
  9645 | D:8      | Found Arona's Assorted Antiques.
  9660 | D:8      | Bought a scroll of identify for 52 gold pieces
  9660 | D:8      | Bought a potion of haste for 260 gold pieces
  9771 | D:8      | Noticed Gastronok
  9967 | D:8      | Reached skill level 12 in Spellcasting
 10098 | D:8      | Killed Gastronok
 10098 | D:8      | Reached skill level 5 in Dodging
 10603 | D:9      | Reached skill level 10 in Fire Magic
 10895 | D:9      | Found a hazy altar of Hepliaklqana.
 10902 | D:9      | Found a sacrificial altar of Ru.
 10932 | D:9      | Found Syuc's Food Emporium.
 11026 | D:9      | Noticed a two-headed ogre
 11035 | D:9      | Killed a two-headed ogre
 11035 | D:9      | Reached skill level 13 in Spellcasting
 11046 | D:9      | Reached ** piety under Vehumet
 11163 | D:9      | Offered knowledge of Shock by Vehumet.
 11186 | D:9      | Reached XP level 11. HP: 56/56 MP: 12/30
 11335 | D:9      | Found a snail-covered altar of Cheibriados.
 11805 | D:9      | HP: 2/56 [yak (11)]
 12153 | D:9      | Offered knowledge of Searing Ray by Vehumet.
 12226 | D:10     | Entered Level 10 of the Dungeon
 12286 | D:10     | Noticed Snorg
 12307 | D:10     | Mangled by Snorg

Skill      XL: |  1  2  3  4  5  6  7  8  9 10 |
---------------+-------------------------------+-----
Fire Magic     | 4 5 6 7 9 10 | 10.9
Conjurations   | 2 3 4 5 6 7 9 |  9.9
Spellcasting   | 4 5 6 7 9 11 13 | 13.6
Dodging        | 3 4 5 |  5.3
Stealth        | 3 4 |  4.6
Fighting       | 1 |  1.3
Short Blades   | |  0.4

Action                   |  1- 3 |  4- 6 |  7- 9 | 10-12 || total
-------------------------+-------+-------+-------+-------++-------
Melee: Dagger            |       |       |     1 |     1 ||     2
 Cast: Flame Tongue      |    85 |    92 |   303 |   227 ||   707
       Throw Flame       |       |     7 |    54 |    26 ||    87
       Conjure Flame     |       |     3 |    16 |    17 ||    36
       Fireball          |       |       |    14 |    12 ||    26
  Use: Scroll            |       |     9 |     7 |     1 ||    17
  Eat: Chunk             |     2 |     5 |    15 |    11 ||    33
       Royal jelly       |       |       |     2 |       ||     2
Armor: Robe              |     4 |    13 |    40 |    13 ||    70
Dodge: Dodged            |    25 |    14 |   126 |    55 ||   220
